 Dungeon Crawl Stone Soup version 0.30-a0-6-g7c9e10e132 (webtiles) character file.

Game seed: 12016485984427863852

135 SensoryNuts the Chopper (level 4, 0/35 HPs)
             Began as a Demonspawn Fighter on Aug 22, 2022.
             Killed from afar by Pikel (16 damage)
             ... with a bolt of dispelling energy
             ... on level 4 of the Dungeon.
             The game lasted 00:03:31 (3317 turns).

SensoryNuts the Chopper (Demonspawn Fighter)        Turns: 3317, Time: 00:03:31

Health: 0/35       AC: 14    Str: 21    XL:     4   Next: 97%
Magic:  4/4        EV:  4    Int: 13    God:
Gold:   255        SH: 12    Dex: 10    Spells: 3/3 levels left

rFire   . . .      SeeInvis +    a - +1 war axe
rCold   . . .      Faith    .    j - +0 kite shield
rNeg    + . .      Spirit   .    r - +0 plate armour
rPois   .          Reflect  .    e - +0 helmet
rElec   .          Harm     .    (no cloak)
rCorr   .          Rampage  .    (no gloves)
Will    .....                    (no boots)
Stlth   ..........               (no amulet)
HPRegen 0.11/turn                g - ring of see invisible
MPRegen 0.09/turn                b - ring of positive energy

@: no status effects
A: thin metallic scales 1, demonic guardian 1, condensation shield, clever 1,
strong 1
a: no special abilities


You were on level 4 of the Dungeon.
You visited 1 branch of the dungeon, and saw 4 of its levels.

You collected 255 gold pieces.

Inventory:

Hand Weapons
 a - a +1 war axe (weapon)
Armour
 e - a +0 helmet (worn)
 j - a +0 kite shield (worn)
 r - a +0 plate armour (worn)
Jewellery
 b - a ring of positive energy (right hand)
 g - a ring of see invisible (left hand)
Wands
 c - a wand of roots (8)
Scrolls
 k - a scroll of poison
 l - 2 scrolls of teleportation
 q - a scroll of magic mapping
Potions
 d - 2 potions of might
 f - 2 potions of degeneration
 h - 2 potions of curing
 n - a potion of lignification


   Skills:
 + Level 3.5 Fighting
 * Level 3.6 Axes
 + Level 3.2 Armour
 + Level 0.9 Dodging
 + Level 3.0 Shields


You had 3 spell levels left.
You didn't know any spells.
Your spell library was empty.

Dungeon Overview and Level Annotations

Branches:
Dungeon (4/15)
 Temple: D:4-7

Altars:
Hepliaklqana
Nemelex Xobeh

Annotations:
D:4 Pikel


Innate Abilities, Weirdness & Mutations

You are partially covered in thin metallic scales. (AC +2)
A weak demonic guardian rushes to your aid.
A meltable shield of frost defends you. (SH +4)
Your mind is acute. (Int +4, Str/Dex -1)
Your muscles are strong. (Str +4, Int/Dex -1)


Message History

No target in view!
No target in view!
No target in view!
No target in view!
No target in view!
Pikel and a lemure come into view.
Pikel is wielding a +0 whip of freezing and carrying a wand of quicksilver (11).
Pikel shouts!
You hear a shout!
A lemure comes into view.
You see here a potion of haste.
There are monsters nearby!
There are monsters nearby!
A lemure comes into view.
The lemure shouts!
Pikel zaps a wand.
The bolt of dispelling energy hits you but does no damage.
The lemure moves out of view.
A lemure comes into view.
You see here a potion of haste.
Pikel attacks as you move away! You block Pikel's attack.
A quokka comes into view.
Pikel attacks as you move away! You block Pikel's attack.
You block the quokka's attack. The quokka attacks as you move away!
The quokka bites you but does no damage.
Pikel attacks as you move away! You block Pikel's attack.
Pikel zaps a wand.
The bolt of dispelling energy hits the quokka!!
The quokka dies!
The bolt of dispelling energy hits you!
A demonic guardian appears!
Pikel closely misses your ufetubus.
Your ufetubus misses Pikel. Your ufetubus hits Pikel.
Your ufetubus closely misses Pikel.
Your ufetubus hits Pikel but does no damage.
Pikel hits your ufetubus with a +0 whip of freezing!
Pikel freezes your ufetubus.
Your ufetubus dies!
Your ufetubus disappears in a puff of smoke!
Pikel zaps a wand.
The bolt of dispelling energy hits you.
Pikel zaps a wand.
The bolt of dispelling energy hits you!
You die...

#......#.......###
#...<..##........#########
#...........).#..........#
#....#....#.#..#...##...# .
......#...####...#..##..# ..
....#......## #....#....#...
........#..# ##.....#..#....#
.....###....###...##..##..##.##
...#. .....#..@..##..##..##..#
#..........#..#.......
##........#....#......
#.##.#..#..##..#.....
#.#..#(#...##...#....
##....##..........#...
#.....#######........#
.....##.K..##........... .##.#
##..........#.....


You could see Pikel.

Vanquished Creatures
  8 adders
  A worm (D:2)
  2 orcs (D:3)
  4 ball pythons
  9 bats
  9 endoplasms
  4 giant cockroaches
  4 goblins
  3 hobgoblins
  5 kobolds
  2 quokkas (D:3)
  4 frilled lizards
  3 rats
58 creatures vanquished.

Vanquished Creatures (others)
  A quokka (D:4)
1 creature vanquished.

Grand Total: 59 creatures vanquished

Notes
Turn   | Place    | Note
-------+----------+-------------------------------------------
     0 | D:1      | SensoryNuts the Demonspawn Fighter began the quest for the
                  | Orb.
     0 | D:1      | Reached XP level 1. HP: 18/18 MP: 1/1
   173 | D:1      | Found a faded altar of an unknown god.
   173 | D:1      | Noticed an Ice Fiend
   275 | D:1      | Gained mutation: A weak demonic guardian rushes to your
                  | aid. [demonic ancestry]
   275 | D:1      | Reached XP level 2. HP: 24/24 MP: 2/2
   802 | D:2      | Gained mutation: A meltable shield of frost defends you.
                  | (SH +4) [demonic ancestry]
   802 | D:2      | Reached XP level 3. HP: 19/29 MP: 3/3
  1168 | D:2      | Gained mutation: You are partially covered in thin metallic
                  | scales. (AC +2) [demonic ancestry]
  1168 | D:2      | Reached XP level 4. HP: 35/35 MP: 4/4
  1202 | D:2      | Identified the +7 dagger "Wuocuq" {vorpal, rC+}
  1686 | D:2      | Found a hazy altar of Hepliaklqana.
  2055 | D:3      | Found a sparkling altar of Nemelex Xobeh.
  2945 | D:3      | Gained mutation: Your mind is acute. (Int +4, Str/Dex -1)
                  | [potion of mutation]
  2945 | D:3      | Gained mutation: Your muscles are strong. (Str +4, Int/Dex
                  | -1) [potion of mutation]
  3296 | D:4      | Noticed Pikel
  3296 | D:4      | Noticed a lemure
  3296 | D:4      | Noticed a lemure
  3297 | D:4      | Noticed a lemure
  3298 | D:4      | Noticed a lemure
  3317 | D:4      | Killed from afar by Pikel

Illustrated notes

Levels and vault maps discovered:
D:1:      grunt_arrival_crossed_arrows, layout_rooms,
          dreamdust_ecumenical_altar_sealed_demon
D:2:      layout_basic, basic_altar
D:3:      layout_basic, lemuel_doored_altar, minmay_randomly_rotated_circles
D:4:      layout_cave_pools, chequers_temple_overflow_minitemple,
          minmay_misc_feat_pillars, minivault_26, minmay_fire_ice_demons,
          uniq_pikel

Skill      XL: |  1  2  3  4 |
---------------+-------------+-----
Axes           | 2 3 |  3.6
Armour         | 3 |  3.2
Shields        | 3 |  3.0
Fighting       | |  3.5
Dodging        | |  0.9

Action                   |  1- 3 |  4- 6 || total
-------------------------+-------+-------++-------
Melee: War axe           |    59 |   124 ||   183
  Use: Scroll            |     3 |     5 ||     8
       Potion            |     3 |     3 ||     6
Armor: Scale mail        |    39 |    63 ||   102
       Plate armour      |       |    14 ||    14
Dodge: Dodged            |    23 |    37 ||    60
Block: Buckler           |    18 |    22 ||    40
       Kite shield       |       |    72 ||    72

Table legend: (Time is in decaauts)
 A = Elapsed time spent in this place.
 B = Non-inter-level travel time spent in this place.
 C = Inter-level travel time spent in this place.
 D = Time resting spent in this place.
 E = Time spent auto-exploring this place.
 F = Levels seen in this place.
 G = Mean time per level.
                   A        B        C        D        E       F      G
               +--------+--------+--------+--------+--------+-----+--------+
         Total |   3378 |   3256 |    122 |    240 |   2451 |   4 |  844.5 |
       Dungeon |   3378 |   3256 |    122 |    240 |   2451 |   4 |  844.5 |
               +--------+--------+--------+--------+--------+-----+--------+

Top non-repeatable levels by time:
     D:3: 1352 daAuts
     D:2: 1307 daAuts
     D:1: 635 daAuts
     D:4: 82 daAuts
